 Dungeon Crawl Stone Soup version 0.28-a0-1199-gef9e1dbd39 (webtiles) character file.

Game seed: 3118607831860195945

184 avis the Skirmisher (level 5, -5/50 HPs)
             Began as a Hill Orc Monk on Dec 19, 2021.
             Slain by Edmund the wolf (7 damage)
             ... on level 4 of the Dungeon.
             The game lasted 00:09:12 (3774 turns).

avis the Skirmisher (Hill Orc Monk)                 Turns: 3774, Time: 00:09:14

Health: -5/50      AC:  3    Str: 14    XL:     5   Next: 64%
Magic:  5/5        EV: 12    Int: 12    God:
Gold:   154        SH:  0    Dex: 13    Spells: 4/4 levels left

rFire   . . .      SeeInvis .     - Unarmed
rCold   . . .      Faith    .   (no shield)
rNeg    . . .      Spirit   .   g - +0 leather armour
rPois   .          Reflect  .   (no helmet)
rElec   .          Harm     .   (no cloak)
rCorr   .          Rampage  .   (no gloves)
Will    +....                   (no boots)
Stlth   ++........              (no amulet)
HPRegen 0.16/turn               k - ring of willpower
MPRegen 0.09/turn               (no ring)

@: no status effects
A: no striking features
a: no special abilities


You were on level 4 of the Dungeon.
You visited 1 branch of the dungeon, and saw 4 of its levels.

You collected 154 gold pieces.

Inventory:

Hand Weapons
 q - a +0 spear
Missiles
 c - 50 stones (quivered)
 f - 36 sling bullets
 o - 13 bolts
Armour
 a - a +0 robe
 g - a +0 leather armour (worn)
Jewellery
 k - a ring of willpower (left hand)
Wands
 l - a wand of charming (5)
 n - a wand of polymorph (5)
Scrolls
 e - a scroll of teleportation {unknown}
 i - 2 scrolls of identify {unknown}
 j - 2 scrolls of immolation {unknown}
 m - a scroll of fear {unknown}
Potions
 b - a potion of lignification {unknown}
 d - 2 potions of heal wounds {unknown}
 h - a potion of magic {unknown}
 p - a potion of mutation {unknown}


   Skills:
 * Level 6.1 Fighting
 - Level 2.4 Dodging
 - Level 1.5 Stealth
 - Level 5.0 Unarmed Combat


You had 4 spell levels left.
You didn't know any spells.
Your spell library contained the following spells:

 Spells                   Type           Power      Damage    Failure   Level
 Static Discharge         Conj/Air       0%         N/A       54%         2
 Lightning Bolt           Conj/Air       0%         1d11      100%        5
 Maxwell's Capacitive Co  Air            0%         ∞         100%        8


Dungeon Overview and Level Annotations

Branches:
Dungeon (4/15)
 Temple: D:4-7

Altars:

Annotations:
D:3 2 transporters, CurlyBrace's ghost, weakling FeMo
D:4 exclusion: 3 doors, Edmund


Message History

Edmund closely misses you.
You miss Edmund.
Edmund is moderately wounded.
Edmund bites you. Edmund bites you but does no damage.
You closely miss Edmund.
Edmund is moderately wounded.
Edmund barely misses you.
You closely miss Edmund.
Edmund is moderately wounded.
Edmund bites you. x2
You completely miss Edmund.
Edmund is moderately wounded.
Edmund bites you.
* * * LOW HITPOINT WARNING * * *
You closely miss Edmund.
Edmund is moderately wounded.
Edmund barely misses you.
Edmund pauses to sniff the ground.
Edmund misses you.
You barely miss Edmund.
Edmund is moderately wounded.
Edmund pauses to sniff the ground.
Edmund bites you but does no damage. Edmund barely misses you.
You miss Edmund.
Edmund is moderately wounded.
Edmund bites you but does no damage.
You barely miss Edmund.
Edmund is moderately wounded.
Edmund barely misses you. x2
You barely miss Edmund.
Edmund is moderately wounded.
Edmund bites you!
* * * LOW HITPOINT WARNING * * *
Aiming: Charm
Press: ? - help, Shift-Dir - straight line, f/p - Edmund
Aim: Edmund the wolf (moderately wounded, chance to affect: 46%) Edmund resists with some effort.
Edmund bites you.
* * * LOW HITPOINT WARNING * * *
Edmund bites you!
You die...

### ..## ...# . ..#
###.# ..) ..#.# #.#
###.#.# #.# <(..$ #h#
#... #@### #.[#
#.#.## #Z.#.##
#....######<....#
####..#..........#...
+.#.....#.####.....##
+..<........##....##
+....#.##.#.##$....#
###..#.#.##.#.......#
##....# #........


You could see Edmund the wolf.

Vanquished Creatures
  A hound (D:3)
  A bullfrog skeleton (D:2)
  A hound skeleton (D:4)
  3 gnolls (D:3)
  3 adders (D:2)
  2 worms
  3 dart slugs (D:1)
  An orc (D:2)
  7 endoplasms
  A giant cockroach (D:1)
  3 goblins
  5 hobgoblins
  3 kobolds
  A quokka (D:2)
  7 ball pythons
  5 bats
  4 frilled lizards
  A rat (D:2)
52 creatures vanquished.

Notes
Turn   | Place    | Note
-------+----------+-------------------------------------------
     0 | D:1      | avis the Hill Orc Monk began the quest for the Orb.
     0 | D:1      | Reached XP level 1. HP: 19/19 MP: 1/1
   116 | D:1      | Reached skill level 4 in Fighting
   203 | D:1      | Reached XP level 2. HP: 21/27 MP: 2/2
   839 | D:1      | Reached XP level 3. HP: 31/33 MP: 3/3
  1294 | D:2      | Found a faded altar of an unknown god.
  1713 | D:2      | Reached skill level 5 in Fighting
  1937 | D:2      | Reached XP level 4. HP: 38/42 MP: 4/4
  2234 | D:2      | Reached skill level 5 in Unarmed Combat
  2785 | D:3      | Found a transporter.
  2785 | D:3      | Noticed an ogre
  2786 | D:3      | Noticed CurlyBrace's ghost (weakling FeMo)
  2787 | D:3      | Found a transporter.
  2788 | D:3      | Noticed an ogre
  2858 | D:3      | Reached XP level 5. HP: 34/48 MP: 5/5
  3234 | D:4      | Noticed Sigmund
  3236 | D:4      | Noticed Sigmund
  3236 | D:4      | Sigmund changed into Sigmund the kobold
  3241 | D:4      | Killed Sigmund the kobold
  3242 | D:4      | Noticed Edmund
  3569 | D:3      | Reached skill level 6 in Fighting
  3751 | D:4      | Noticed Edmund
  3751 | D:4      | Edmund changed into Edmund the wolf
  3774 | D:4      | HP: 2/50 [Edmund the wolf (4)]
  3774 | D:4      | Slain by Edmund the wolf

Illustrated notes

Levels and vault maps discovered:
D:1:      minmay_arrival_semitransparent, layout_basic
D:2:      layout_rooms, shapermc_ecumenical_altar_mp_urbaneastern
D:3:      layout_basic, gammafunk_ghost_smash
D:4:      layout_loops_ring, lemuel_round_altar, marbit_many_paths,
          kennysheep_cluttered_room, uniq_eustachio, uniq_sigmund, uniq_ijyb,
          uniq_edmund

Skill      XL: |  1  2  3  4  5 |
---------------+----------------+-----
Fighting       | 4 5 6 |  6.1
Unarmed Combat | 4 5 |  5.0
Dodging        | |  2.4
Stealth        | |  1.5

Action                   |  1- 3 |  4- 6 || total
-------------------------+-------+-------++-------
Melee: Unarmed           |   108 |   127 ||   235
       Punch             |     2 |     3 ||     5
Evoke: Wand              |       |     4 ||     4
 Stab: Sleeping          |     9 |     1 ||    10
       Distracted        |     1 |       ||     1
Armor: Robe              |     6 |       ||     6
       Leather armour    |     4 |    25 ||    29
Dodge: Dodged            |    53 |    80 ||   133

Table legend: (Time is in decaauts)
 A = Elapsed time spent in this place.
 B = Non-inter-level travel time spent in this place.
 C = Inter-level travel time spent in this place.
 D = Time resting spent in this place.
 E = Time spent auto-exploring this place.
 F = Levels seen in this place.
 G = Mean time per level.
                   A        B        C        D        E       F      G
               +--------+--------+--------+--------+--------+-----+--------+
         Total |   3761 |   3442 |    319 |   1458 |   1374 |   4 |  940.2 |
       Dungeon |   3761 |   3442 |    319 |   1458 |   1374 |   4 |  940.2 |
               +--------+--------+--------+--------+--------+-----+--------+

Top non-repeatable levels by time:
     D:1: 1259 daAuts
     D:3: 1214 daAuts
     D:2: 1201 daAuts
     D:4: 86 daAuts
